AoeStats
← William T. Piker

Arena

510229900Analyzed
2v2 RM · 17h ago on Sep 30, 2026· 16m 21s· 4 players
Game mode
Random Map
Map size
Medium (4 player)
Population
200
Speed
Normal
Resources
Standard
Victory
Conquest
Starting age
Dark Age
Ending age
Imperial Age
RankedLock teamsTeams togetherTeam positionsShared explorationLock speedFull tech treeHidden civsTurbo modeCheats
Victory
Defeat
🇺🇸 Saxons · United States
1253
+15
🇺🇸 Cumans · United States
1253
+15
🇺🇸 Burgundians · United States
1262
-16
🇺🇸 Varangians · United States
1200
-14
skilz tat kilz
5:57 Double-Bit Axe
11:45 Feudal Age
9:58 Horse Collar
15:58 Castle Age
zze HoneyBadger
11:33 Feudal Age
15:24 Castle Age
13:09 Loom
15:29 Castle Age
14:23 Bloodlines
14:55 Horse Collar
William T. Piker
8:41 Loom
11:13 Feudal Age
14:10 Double-Bit Axe
Jean-Luc Petard
10:11 Feudal Age
12:08 Scale Mail Armor
12:03 Double-Bit Axe
12:08 Man-at-Arms
14:06 Forging
16:43 Loom
Connection lost

Rejoining the realm…

Still unreachable

The connection could not be restored.

Session expired

The server has moved on; the page needs a fresh start.